[Event "Team 45 45 League T26"]
[Site "Internet Chess Club"]
[Date "2005.04.07"]
[Round "4"]
[White "six-killer"]
[Black "DTK"]
[Result "1-0"]
[WhiteElo "1793"]
[BlackElo "1953"]
[TimeControl "2700+45"]

1. e4 e6 2. d4 d5 3. Nc3 Nf6 4. Bg5 Bb4 5. e5 h6 6. Be3 Ne4 7. Qg4 g6 8. Bd3 h5
9. Qf3 Nxc3 10. a3 Na4+ 11. axb4 Nxb2 12. Be2 Qe7 13. c3 Bd7 14. Nh3 b5 15. Bg5
Qf8 16. Qf6 Nc6 17. Bxb5 Ne7 18. Bxd7+ Kxd7 19. O-O Nf5 20. Ra6 Qe7 21. Qxh8
Rxh8 22. Bxe7 Kxe7 23. Rxa7 Rc8 24. Nf4 Kd7 25. Rb1 Nc4 26. b5 Kd8 27. Rba1 Rb8
28. Ra8 Kc8 29. Nd3 Nb6 30. Rxb8+ Kxb8 31. Nb4 Ne7 32. f4 Kb7 33. Kf2 Nc4 34.
Ke2 Kb6 35. Ra8 Kxb5 36. Rf8 Nf5 37. Rxf7 Nxd4+ 38. cxd4 Kxb4 39. Rxc7 Kc3 40.
Rc6 Kxd4 41. Rxe6 Ke4 42. Rc6 Ne3 43. g3 d4 44. Rd6 h4 45. e6 Nf5 46. Rd7 hxg3
47. e7 d3+ 48. Kd2 Nxe7 49. Rxe7+ Kxf4 50. hxg3+ Kg4 51. Re3 g5 52. Kxd3 {Black
resigns} 1-0

[Event "Team 45 45 League T26"]
[Site "Internet Chess Club"]
[Date "2005.04.07"]
[Round "4"]
[White "kingfischer57"]
[Black "RD1974"]
[Result "1-0"]
[WhiteElo "1754"]
[BlackElo "1669"]
[TimeControl "2700+45"]

1. d4 Nf6 2. c4 e6 3. Nc3 d5 4. Bg5 Be7 5. Nf3 O-O 6. e3 h6 7. Bh4 b6 8. Bd3
Nbd7 9. O-O Bb7 10. Rc1 Ne4 11. Bxe7 Qxe7 12. cxd5 exd5 13. Nb5 c5 14. dxc5 bxc5
15. b3 a6 16. Nc3 Ndf6 17. Qe2 Rfd8 18. Rfd1 Nxc3 19. Rxc3 Ne4 20. Rcc1 Qe6 21.
Nd2 Nxd2 22. Rxd2 Qe7 23. Rdc2 Rdc8 24. Qg4 a5 25. Qf5 g6 26. Qf4 Ba6 27. Bxa6
Rxa6 28. Qxh6 Rac6 29. Qf4 Kg7 30. h3 Qd7 31. Qa4 Qc7 32. Qb5 Qa7 33. Qd3 Qd7
34. Qc3+ d4 35. Qxa5 d3 36. Qc3+ f6 37. Rd2 c4 38. Rcd1 cxb3 39. Qxb3 Rc3 40.
Rxd3 Rxd3 41. Qxd3 Qxd3 42. Rxd3 Rc1+ 43. Kh2 Rc2 44. a4 Ra2 45. Rd4 Rxf2 46.
Kg3 Ra2 47. Kf3 Kf7 48. h4 Ke6 49. g3 Ra3 50. Kf4 Ra1 51. Kg4 Ra3 52. Kf3 Ra1
53. Rb4 Ra3 54. Kf4 Ra1 55. e4 Rf1+ 56. Kg4 Ra1 57. h5 gxh5+ 58. Kxh5 Rh1+ 59.
Kg4 Ra1 60. Rb6+ Ke5 61. Ra6 Ra3 62. a5 Ra4 63. Ra8 Rxe4+ 64. Kh3 Ra4 65. a6 Ra5
66. a7 Kf5 67. Kg2 Ra2+ 68. Kf3 Ra3+ 69. Ke2 Ra6 70. Kd2 Ra3 71. Kc2 Ra6 72. Kb3
Ra1 73. Kb4 Rb1+ 74. Kc5 Ra1 75. Kb6 Rb1+ 76. Kc6 Ra1 77. Kd6 Ra3 78. Ke7 Ra6
79. Kf7 Ra4 80. g4+ Rxg4 81. Rc8 Rc4 82. Rxc4 Kg5 83. a8=Q f5 84. Rc5 Kh6 85.
Qd5 Kh7 86. Qxf5+ Kh8 87. Rc8# {Black checkmated} 1-0

[Event "Team 45 45 League T26"]
[Site "Internet Chess Club"]
[Date "2005.04.11"]
[Round "4"]
[White "jmc860"]
[Black "tourettes"]
[Result "1/2-1/2"]
[WhiteElo "1586"]
[BlackElo "1826"]
[TimeControl "2700+45"]

1. e4 c5 2. Nc3 d6 3. g3 Nc6 4. Bg2 Nf6 5. d3 e6 6. Nge2 Be7 7. O-O O-O 8. f4 a6
9. Be3 Ng4 10. Bd2 Qb6 11. Na4 Qa7 12. c4 Bd7 13. h3 Nf6 14. b3 Rab8 15. Nac3 b5
16. Qc1 b4 17. Nd1 Nd4 18. Nxd4 cxd4 19. Nf2 a5 20. a3 Qc5 21. axb4 axb4 22. Bf3
Rfc8 23. Ng4 Nxg4 24. Bxg4 g6 25. h4 f5 26. Bf3 Bf6 27. h5 e5 28. hxg6 hxg6 29.
Kg2 Kf7 30. Rh1 Rh8 31. Rxh8 Rxh8 32. Qe1 Rb8 33. Qe2 exf4 34. Bxf4 Be5 35. Rh1
Kg7 36. Bh6+ Kf7 37. exf5 Bxf5 38. Bd5+ Kf6 39. g4 Be6 40. Rf1+ Ke7 41. Bg5+ Kd7
42. Bxe6+ Kxe6 43. Rf6+ Kd7 44. Rxg6 Qc6+ 45. Qf3 Qxf3+ 46. Kxf3 Rf8+ 47. Ke2
Ra8 48. Bd2 Ra2 49. Kd1 Rb2 50. Rh6 Rxb3 51. Kc2 Ra3 52. Bxb4 Ra2+ 53. Kb3 Rg2
54. Rg6 Rg3 55. Kc2 Rg2+ 56. Kd1 Rb2 57. Bd2 Rb1+ 58. Ke2 Rb2 59. Kd1 Rb1+ 60.
Kc2 Rg1 61. g5 Rg2 62. Kd1 Rg1+ 63. Kc2 Rg2 64. Kd1 Rg1+ {Game drawn by mutual
agreement} 1/2-1/2

[Event "Team 45 45 League T26"]
[Site "Internet Chess Club"]
[Date "2005.04.09"]
[Round "4"]
[White "kevinfons"]
[Black "Rainbird"]
[Result "0-1"]
[WhiteElo "1489"]
[BlackElo "1649"]
[TimeControl "2700+45"]

1. c4 e6 2. d4 d5 3. cxd5 exd5 4. Nc3 c6 5. Nf3 Bf5 6. g3 Nf6 7. Bg2 Be7 8. O-O
O-O 9. Nh4 Be6 10. Bg5 h6 11. Bxf6 Bxf6 12. Nf3 Nd7 13. e4 dxe4 14. Nxe4 Qb6 15.
b3 Bd5 16. Nxf6+ Nxf6 17. Re1 Bxf3 18. Bxf3 Rad8 19. Qc2 Rxd4 20. a4 Rdd8 21. a5
Qc7 22. a6 b6 23. Qxc6 Qxc6 24. Bxc6 Rc8 25. Bb7 Rc3 26. Re7 Re8 27. Rae1 Rxe7
28. Rxe7 Kf8 29. Re3 Rxe3 30. fxe3 Ke7 31. Kg2 Kd6 32. Kf3 Nd5 33. Ke4 Nb4 34.
h4 Kc5 35. g4 Kb5 36. Ke5 Nxa6 37. Bxa6+ Kxa6 38. Kd6 Kb7 39. e4 a5 40. Kd7 b5
41. e5 a4 42. bxa4 bxa4 43. Ke7 a3 44. Kxf7 a2 45. e6 a1=Q 46. e7 Qf6+ {White
resigns} 0-1

[Event "Team 45 45 League T26"]
[Site "Internet Chess Club"]
[Date "2005.04.11"]
[Round "4"]
[White "doobedoo"]
[Black "trevor21"]
[Result "0-1"]
[WhiteElo "1733"]
[BlackElo "2071"]
[TimeControl "2700+45"]

1. e4 e6 2. d4 d5 3. Nc3 Bb4 4. e5 c5 5. a3 Bxc3+ 6. bxc3 Ne7 7. Qg4 O-O 8. Nf3
f5 9. exf6 Rxf6 10. Bg5 Nd7 11. Bxf6 Nxf6 12. Qf4 Qa5 13. Bd3 Qxc3+ 14. Ke2 c4
15. Bxh7+ Kxh7 16. Qd2 Qxd2+ 17. Nxd2 Bd7 18. f3 Ba4 19. c3 Nc6 20. Rhb1 Rb8 21.
Rb2 Na5 22. Rab1 Nb3 23. Nxb3 cxb3 24. Rxb3 Bxb3 25. Rxb3 b6 26. a4 Rc8 27. Kd3
Nd7 28. a5 Kg6 29. axb6 Nxb6 30. Ra3 Rc7 31. Ra1 Kf5 32. Re1 a5 33. Re5+ Kf6 34.
g4 a4 35. h4 Nc4 36. g5+ Kf7 37. Re2 a3 38. Ra2 Rb7 39. h5 Rb1 40. Rh2 Rd1+ 41.
Kc2 Rd2+ 42. Rxd2 Nxd2 43. h6 gxh6 44. gxh6 Kg6 {White resigns} 0-1

[Event "Team 45 45 League T26"]
[Site "Internet Chess Club"]
[Date "2005.04.07"]
[Round "4"]
[White "mickeys"]
[Black "Ciclamino"]
[Result "0-1"]
[WhiteElo "1658"]
[BlackElo "1660"]
[TimeControl "2700+45"]

1. d4 d5 2. c4 e6 3. Nc3 Be7 4. Nf3 Nf6 5. Bg5 O-O 6. e3 h6 7. Bh4 b6 8. Bd3 c5
9. O-O Ba6 10. cxd5 Bxd3 11. Qxd3 Nxd5 12. Bxe7 Qxe7 13. Nxd5 exd5 14. dxc5 bxc5
15. b3 Rd8 16. Rac1 a5 17. Qb5 Nd7 18. a3 Rdb8 19. Qd3 Nb6 20. Qc3 Nd7 21. Rfd1
Nf6 22. Ne5 Rc8 23. Nf3 Rcb8 24. Qd3 a4 25. bxa4 Ra5 26. Qc3 Rba8 27. Ne5 Ne4
28. Qb2 Qe6 29. Nd3 c4 30. Nf4 Qf5 31. Qd4 Nf6 32. g3 Ne4 33. Kg2 g5 34. Nh3 Nf6
35. f3 Rxa4 36. Rc3 Rxa3 37. Rd2 Rxc3 38. Qxc3 g4 39. Nf4 gxf3+ 40. Kf1 Qb1+ 41.
Rd1 Qxd1+ 42. Qe1 Qxe1+ 43. Kxe1 Ne4 44. Nxd5 f2+ {White resigns} 0-1

[Event "Team 45 45 League T26"]
[Site "Internet Chess Club"]
[Date "2005.04.08"]
[Round "4"]
[White "SeniorCitizen"]
[Black "rabanito"]
[Result "0-1"]
[WhiteElo "1388"]
[BlackElo "1464"]
[TimeControl "2700+45"]

1. e4 e5 2. Nf3 Nc6 3. Bb5 a6 4. Ba4 Nf6 5. Nc3 b5 6. Bb3 d6 7. d4 Bg4 8. Qd3
Bxf3 9. Qxf3 Nxd4 10. Qd3 c5 11. Bd5 c4 12. Qd2 Rb8 13. O-O Be7 14. Ne2 Nxe2+
15. Qxe2 O-O 16. Be3 Nxd5 17. exd5 f5 18. f4 Bf6 19. c3 Re8 20. Qf3 exf4 21.
Qxf4 g6 22. Qf2 Re4 23. Rad1 Qe7 24. Bd4 Re8 25. Bxf6 Qxf6 26. Rfe1 Rxe1+ 27.
Rxe1 Rxe1+ 28. Qxe1 Qe5 29. Qd1 Qe3+ 30. Kf1 Qd3+ 31. Qxd3 cxd3 32. Ke1 Kf7 33.
Kd2 Kf6 34. Kxd3 Ke5 {White resigns} 0-1

[Event "Team 45 45 League T26"]
[Site "Internet Chess Club"]
[Date "2005.04.08"]
[Round "4"]
[White "Traho"]
[Black "mal57"]
[Result "0-1"]
[WhiteElo "1299"]
[BlackElo "1438"]
[TimeControl "2700+45"]

1. Nf3 Nf6 2. g3 b6 3. Bg2 Bb7 4. O-O g6 5. b3 Bg7 6. Bb2 O-O 7. d3 d6 8. Nbd2
Nbd7 9. e4 e5 10. Re1 Rb8 11. Rb1 c5 12. c4 Ne8 13. a3 Nc7 14. b4 Ne6 15. Nb3 a5
16. b5 Nd4 17. Nbxd4 cxd4 18. Nd2 Nc5 19. Nb3 a4 20. Nxc5 dxc5 21. Qxa4 Ra8 22.
Qd1 Bc8 23. Ra1 h5 24. Bc1 h4 25. Bd2 f5 26. Qc1 Ra7 27. Bg5 Bf6 28. gxh4 f4 29.
f3 Bxg5 30. hxg5 Qxg5 31. Re2 Rh7 32. Kh1 Rff7 33. Qf1 Rh6 34. Qf2 Rfh7 35. Bf1
Bh3 36. Bxh3 Rxh3 37. Rg1 Qh5 38. Qg2 Rg7 39. Qg4 Qxg4 40. Rxg4 Rxf3 41. Reg2
Kf7 42. h4 Rxd3 43. h5 Rh3+ 44. Rh2 Rxh5 45. Rxh5 gxh5 46. Rh4 Rh7 47. Kg2 Kf6
48. Kf3 Kg6 49. a4 Kh6 50. a5 bxa5 51. Rh2 Rg7 52. Rg2 Rb7 53. Ra2 h4 54. Rxa5
h3 55. Ra2 Kh5 56. Ra6 Rg7 57. Ra8 Rg3+ 58. Kf2 d3 59. b6 Rg2+ 60. Kf1 Rb2 61.
Rh8+ Kg4 62. Rg8+ Kf3 63. Rh8 Rb1# {White checkmated} 0-1

[Event "Team 45 45 League T26"]
[Site "Internet Chess Club"]
[Date "2005.04.09"]
[Round "4"]
[White "searchforbobby1"]
[Black "onslaught"]
[Result "1/2-1/2"]
[WhiteElo "2141"]
[BlackElo "2265"]
[TimeControl "2700+45"]

1. e4 e5 2. d4 exd4 3. Qxd4 Nc6 4. Qe3 g6 5. Nc3 Bg7 6. Bd2 Nf6 7. O-O-O O-O 8.
Be2 Re8 9. h4 d5 10. Qg3 d4 11. Bg5 Bd7 12. Bxf6 Bxf6 13. Nd5 Rxe4 14. h5 Be5
15. f4 Be6 16. hxg6 fxg6 17. fxe5 Bxd5 18. Bd3 Rxe5 19. Bxg6 Qg5+ 20. Qxg5 Rxg5
21. Bxh7+ Kg7 22. Nf3 Rxg2 23. Nxd4 Nxd4 24. Rxd4 Rxc2+ 25. Kxc2 Bxh1 26. Rd7+
Kf6 27. Rxc7 Ke5 28. Kc3 {Game drawn by mutual agreement} 1/2-1/2

[Event "Team 45 45 League T26"]
[Site "Internet Chess Club"]
[Date "2005.04.10"]
[Round "4"]
[White "indiadar"]
[Black "Gregorio"]
[Result "0-1"]
[WhiteElo "2014"]
[BlackElo "2035"]
[TimeControl "2700+45"]

1. e4 e5 2. Nf3 Nc6 3. Bb5 a6 4. Ba4 Nf6 5. O-O d6 6. d4 b5 7. Bb3 exd4 8. Nxd4
Na5 9. c3 Nxb3 10. axb3 Be7 11. Nxb5 Bg4 12. f3 axb5 13. Rxa8 Qxa8 14. fxg4 Qxe4
15. Na3 Qxg4 16. Nxb5 Qxd1 17. Rxd1 Kd7 18. b4 Ne4 19. Re1 Bg5 20. Bxg5 Nxg5 21.
Kf2 Rb8 22. Nd4 Ne6 23. Nf5 g6 24. Nh6 c5 25. bxc5 Nxc5 26. Kg3 f5 27. Re2 Na4
28. Kf4 Rxb2 29. Rxb2 Nxb2 30. h4 Nd1 31. g4 fxg4 32. Nxg4 Ke6 33. c4 h5 34. c5
hxg4 35. cxd6 Nf2 36. Kg3 Kxd6 37. Kxf2 Ke5 38. Kg3 Kf5 39. Kg2 Kf4 40. Kf2 g3+
41. Kg2 Kg4 42. Kg1 Kxh4 43. Kg2 Kg4 44. Kg1 Kh3 45. Kh1 g5 {White resigns} 0-1

[Event "Team 45 45 League T26"]
[Site "Internet Chess Club"]
[Date "2005.04.09"]
[Round "4"]
[White "StrayLite"]
[Black "kikian"]
[Result "0-1"]
[WhiteElo "1945"]
[BlackElo "2049"]
[TimeControl "2700+45"]

1. e4 d6 2. d4 Nf6 3. Nc3 g6 4. Bg5 h6 5. Bf4 Bg7 6. f3 Nc6 7. Qd2 a6 8. O-O-O
Qd7 9. g4 e5 10. dxe5 dxe5 11. Qf2 Qe6 12. Be3 O-O 13. g5 hxg5 14. Bxg5 Nh7 15.
Be3 Nb4 16. Kb1 b6 17. a3 Nc6 18. Nd5 Ra7 19. h4 Nf6 20. Bg5 Nh5 21. Bc4 Qe8 22.
Ne2 Be6 23. Ng3 Nf4 24. h5 f6 25. Nxf4 Bxc4 26. Nxg6 fxg5 27. Nxf8 Qxf8 28. Nf5
Nd4 29. Nxd4 exd4 30. Qg2 Qf6 31. Rhg1 Kh7 32. Qxg5 Qxg5 33. Rxg5 Bh6 34. Rg2 c5
35. Rh1 Rg7 36. Rhg1 Be2 37. Rxg7+ Bxg7 38. f4 d3 39. e5 d2 40. h6 Bxh6 41. e6
d1=Q+ 42. Rxd1 Bxd1 43. e7 Bh5 44. f5 Bg5 {White resigns} 0-1

[Event "Team 45 45 League T26"]
[Site "Internet Chess Club"]
[Date "2005.04.12"]
[Round "4"]
[White "jpitt"]
[Black "gracey"]
[Result "1-0"]
[WhiteElo "2364"]
[BlackElo "2044"]
[TimeControl "2700+45"]

1. d4 g6 2. c4 Nf6 3. Nc3 Bg7 4. e4 c5 5. d5 Qa5 6. Bd3 Nxd5 7. exd5 Bxc3+ 8.
Kf1 Bf6 9. h4 d6 10. h5 Bd7 11. Bd2 Qb6 12. Bc3 Bxc3 13. bxc3 g5 14. h6 Qa6 15.
Qe2 Qa3 16. Re1 e6 17. Qf3 Ke7 18. Ne2 e5 19. Qg3 f6 20. f4 g4 21. Rh5 Rf8 22.
Bxh7 Qxa2 23. Bd3 Na6 24. Kg1 Qd2 25. fxe5 dxe5 26. Nf4 Kf7 27. Ng6 Rfe8 28. h7
Kg7 29. h8=Q+ {Black resigns} 1-0

[Event "Team 45 45 League T26"]
[Site "Internet Chess Club"]
[Date "2005.04.10"]
[Round "4"]
[White "matman"]
[Black "gringo"]
[Result "0-1"]
[WhiteElo "1976"]
[BlackElo "2254"]
[TimeControl "2700+45"]

1. d4 Nf6 2. c4 g6 3. Nc3 Bg7 4. e4 d6 5. Nf3 O-O 6. Be2 Na6 7. O-O c6 8. Qc2
Nc7 9. Rd1 d5 10. cxd5 cxd5 11. e5 Nfe8 12. Be3 Bf5 13. Qb3 Rb8 14. Rac1 b5 15.
h3 a5 16. Nxb5 a4 17. Qxa4 Bd7 18. Rc5 Nxb5 19. Bxb5 Rxb5 20. Rxb5 Nc7 {White
resigns} 0-1

[Event "Team 45 45 League T26"]
[Site "Internet Chess Club"]
[Date "2005.04.12"]
[Round "4"]
[White "Milo"]
[Black "syy89"]
[Result "0-1"]
[WhiteElo "2289"]
[BlackElo "2103"]
[TimeControl "2700+45"]

1. e4 c5 2. Nc3 Nc6 3. Bb5 Nd4 4. Bc4 e6 5. Nf3 Nf6 6. O-O a6 7. d3 d6 8. Nxd4
cxd4 9. Ne2 b5 10. Bb3 Qb6 11. a4 Bb7 12. Ng3 b4 13. a5 Qc5 14. f4 O-O-O 15. Bd2
h5 16. h3 h4 17. Nh1 d5 18. e5 Nh5 19. Qe1 Bc6 20. Qxh4 Be7 21. Qe1 g6 22. Qf2
Ng7 23. Rfc1 Nf5 24. c3 dxc3 25. bxc3 Qxf2+ 26. Nxf2 bxc3 27. Bxc3 Kd7 28. g4
Nh4 29. Bd1 Rb8 30. Bd4 Rb4 31. Bb6 Rxf4 32. Ba4 Rc8 33. Bxc6+ Rxc6 34. Rxc6
Kxc6 35. Rc1+ Kb5 36. Rc7 Bb4 37. Rb7 Ka4 38. Kf1 Bxa5 39. Be3 Rb4 40. Rxb4+
Bxb4 41. Ke2 Be7 42. d4 Kb3 43. Nd3 Kc4 44. Nc5 a5 45. Bf2 g5 46. Be1 Kxd4 47.
Nb3+ Kxe5 48. Nxa5 Kd6 49. Nb3 e5 50. Nc1 Ng2 51. Bd2 Nf4+ 52. Kf3 Nxh3 53. Ne2
Nf4 54. Ng3 Ke6 55. Nf5 Bc5 56. Ng7+ Kf6 57. Ne8+ Ke7 58. Ng7 e4+ 59. Kg3 Kf6
60. Nf5 Ne2+ 61. Kg2 d4 62. Kf1 Nf4 63. Ba5 e3 64. Bd8+ Kg6 65. Bc7 e2+ 66. Ke1
Bb4+ {White resigns} 0-1

[Event "Team 45 45 League T26"]
[Site "Internet Chess Club"]
[Date "2005.04.09"]
[Round "4"]
[White "azbycx"]
[Black "ReelBigFish"]
[Result "1-0"]
[WhiteElo "1830"]
[BlackElo "1769"]
[TimeControl "2700+45"]

1. d4 f5 2. g3 Nf6 3. Bg2 g6 4. Nh3 Bg7 5. O-O O-O 6. b3 d6 7. Bb2 Qe8 8. d5 Na6
9. c4 c6 10. a3 Nc7 11. Qd3 Bd7 12. Nd2 c5 13. Rfe1 b5 14. Rab1 Rb8 15. Ba1 h6
16. f4 bxc4 17. bxc4 e5 18. fxe5 Rxb1 19. Rxb1 dxe5 20. Qe3 Qe7 21. Qxe5 Nfxd5
22. Qxg7+ {Black resigns} 1-0

[Event "Team 45 45 League T26"]
[Site "Internet Chess Club"]
[Date "2005.04.12"]
[Round "4"]
[White "Molton"]
[Black "Zillmer"]
[Result "1-0"]
[WhiteElo "2188"]
[BlackElo "2120"]
[TimeControl "2700+45"]

1. e4 d6 2. d4 Nf6 3. Nc3 g6 4. Bc4 Bg7 5. Qe2 Nc6 6. e5 Nxd4 7. exf6 Nxe2 8.
fxg7 Rg8 9. Ngxe2 Rxg7 10. Bh6 Rg8 11. O-O-O Be6 12. Bxe6 fxe6 13. Rhe1 Qd7 14.
f4 c5 15. Ng3 O-O-O 16. Nge4 Qc6 17. Rd2 d5 18. Ng5 Rd6 19. Rde2 d4 20. Nce4 Rd5
21. Nd2 d3 22. cxd3 Rxd3 23. Kb1 c4 24. Nxc4 Qxc4 25. Rc2 Qxc2+ 26. Kxc2 Rgd8
27. Nf3 R8d6 28. Bg5 Kd8 29. f5 gxf5 30. Ne5 R3d5 31. Nf7+ Kd7 32. Nxd6 Kxd6 33.
Rd1 Rxd1 34. Kxd1 e5 35. Ke2 e4 36. Ke3 e5 37. g3 {Black resigns} 1-0

[Event "Team 45 45 League T26"]
[Site "Internet Chess Club"]
[Date "2005.04.11"]
[Round "4"]
[White "Sergio56"]
[Black "ChessyStud"]
[Result "0-1"]
[WhiteElo "1914"]
[BlackElo "2072"]
[TimeControl "2700+45"]

1. b3 e5 2. Bb2 Nc6 3. e3 d5 4. Bb5 Bd6 5. Bxc6+ bxc6 6. f4 f6 7. Ne2 Nh6 8. O-O
O-O 9. fxe5 fxe5 10. Rxf8+ Qxf8 11. Ng3 e4 12. d3 Ng4 13. Qe1 Qe7 14. Nd2 Qh4
15. Ndf1 Nxh2 16. Nf5 Qxe1 17. Rxe1 Bxf5 18. Nxh2 exd3 19. cxd3 Bxd3 20. Nf3 Be4
21. Ng5 Re8 22. Nxe4 Rxe4 23. Kf2 a5 24. Rc1 c5 25. Rd1 d4 26. exd4 cxd4 27.
Bxd4 Rxd4 {White resigns} 0-1

[Event "Team 45 45 League T26"]
[Site "Internet Chess Club"]
[Date "2005.04.10"]
[Round "4"]
[White "Rising"]
[Black "Quoyle"]
[Result "0-1"]
[WhiteElo "2302"]
[BlackElo "2426"]
[TimeControl "2700+45"]

1. c4 c6 2. Nf3 d5 3. g3 Nf6 4. Bg2 dxc4 5. a4 a5 6. Na3 Qd5 7. O-O Na6 8. Ne1
Qh5 9. Nxc4 Bh3 10. d3 e6 11. Bf4 Bxg2 12. Kxg2 Bb4 13. Nc2 O-O 14. Nxb4 Nxb4
15. Bd6 Rfd8 16. Bxb4 axb4 17. a5 Ng4 18. h3 Ne5 19. Ne3 c5 20. g4 Qh4 21. Qc2
Rac8 22. f4 Nc6 23. Rf2 Nd4 24. Qc4 Rc6 25. Nc2 h5 26. g5 e5 27. e3 Nf5 28. Rf3
exf4 29. Qxf4 Qxf4 30. Rxf4 g6 31. e4 Ng7 32. Raf1 Rxd3 33. Rxf7 Rd2+ 34. R1f2
Rxf2+ 35. Rxf2 Ne6 36. h4 Rd6 37. Ne3 Rd4 38. Nd5 Kg7 39. Nf6 c4 40. Kf1 Nc5 41.
Ne8+ Kg8 42. Nf6+ Kg7 43. Ne8+ Kg8 44. Nf6+ Kh8 45. Re2 Rd1+ 46. Kf2 Kg7 47. Nd5
b3 48. Nc3 Rd3 49. Re3 Rd2+ 50. Re2 Nd3+ 51. Ke3 Rc2 52. Kd4 Nxb2 53. e5 Rxe2
54. Nxe2 Nd1 {White resigns} 0-1  



   **ANNOUNCEMENT** from ROBOadmin: *** GRANDMASTER versus GRANDMASTER!!  GM mikenty is playing GM Henkerr!  Type "follow mikenty" to watch the rated blitz 3 0 game.

[Event "Team 45 45 League T26"]
[Site "Internet Chess Club"]
[Date "2005.04.10"]
[Round "4"]
[White "phoenix10q72"]
[Black "MrHyde"]
[Result "1-0"]
[WhiteElo "2263"]
[BlackElo "2112"]
[TimeControl "2700+45"]

1. e4 c5 2. Nf3 e6 3. d4 cxd4 4. Nxd4 a6 5. Bd3 Qc7 6. O-O Nf6 7. Be3 d5 8. Nd2
dxe4 9. Nxe4 Nbd7 10. Ng5 Bd6 11. f4 O-O 12. Qf3 Nc5 13. Rad1 Bd7 14. c3 Nxd3
15. Rxd3 h6 16. Ne4 Nxe4 17. Qxe4 e5 18. fxe5 Bxe5 19. Qh4 Bxd4 20. Bxd4 Bb5 21.
Rg3 f6 22. Rxf6 Rxf6 23. Qxf6 Rf8 24. Rxg7+ Qxg7 25. Qxg7# {Black checkmated}
1-0

[Event "Team 45 45 League T26"]
[Site "Internet Chess Club"]
[Date "2005.04.07"]
[Round "4"]
[White "akdog3"]
[Black "jorobo"]
[Result "1-0"]
[WhiteElo "2149"]
[BlackElo "2111"]
[TimeControl "2700+45"]

1. d4 d5 2. Nf3 e6 3. e3 Nf6 4. Bd3 c5 5. b3 Nbd7 6. O-O Bd6 7. Bb2 O-O 8. Ne5
Qc7 9. f4 Ne4 10. Nd2 f5 11. Ndf3 Ndf6 12. dxc5 Bxc5 13. Nd4 Bd7 14. c4 Rad8 15.
Rc1 Qb6 16. Qe1 Be8 17. cxd5 Rxd5 18. Bc4 Bb4 19. Qe2 Bh5 20. Qd3 Rd6 21. a3 Bc5
22. b4 Bxd4 23. Bxd4 Qd8 24. Rc2 Be8 25. Qb3 Qe7 26. Bc5 Nxc5 27. bxc5 Rd8 28.
Bxe6+ Kh8 29. Bxf5 Nd5 30. Be4 Bc6 31. Rfc1 Qe6 32. Rd2 Nxf4 33. Rxd8 Ne2+ 34.
Kh1 Ng3+ 35. hxg3 Qh3+ 36. gxh3 Bxe4+ 37. Kg1 Rxd8 38. Nf7+ {Black resigns} 1-0

[Event "Team 45 45 League T26"]
[Site "Internet Chess Club"]
[Date "2005.04.11"]
[Round "4"]
[White "Kingofknights"]
[Black "AlaskaWhael"]
[Result "1-0"]
[WhiteElo "1705"]
[BlackElo "1826"]
[TimeControl "2700+45"]

1. d4 d5 2. c4 c6 3. Nf3 e6 4. e3 Bd6 5. cxd5 exd5 6. Bd3 Bg4 7. h3 Bh5 8. Nc3
Qe7 9. g4 Bg6 10. Bxg6 hxg6 11. Qd3 Nf6 12. g5 Nh5 13. Bd2 Nf4 14. Qc2 Rxh3 15.
O-O-O Rxf3 16. exf4 Nd7 17. Rde1 Be5 18. Rh8+ Nf8 19. Rxe5 Rxf2 20. Rxe7+ Kxe7
21. Nd1 {Black resigns} 1-0

[Event "Team 45 45 League T26"]
[Site "Internet Chess Club"]
[Date "2005.04.17"]
[Round "4"]
[White "Rossinantes"]
[Black "chesskilleruk"]
[Result "1/2-1/2"]
[WhiteElo "2325"]
[BlackElo "2243"]
[TimeControl "2700+45"]

1. d4 d6 2. Nf3 c6 3. c4 Qc7 4. Nc3 e5 5. e4 Nd7 6. Be2 Ngf6 7. O-O Be7 8. d5
Nc5 9. Qc2 cxd5 10. Nxd5 Nxd5 11. cxd5 a5 12. Be3 b6 13. b3 O-O 14. a3 f5 15. b4
fxe4 16. Nd2 axb4 17. axb4 Rxa1 18. Rxa1 Ne6 19. Qxc7 Nxc7 20. Ra7 Bd8 21. Nxe4
Nxd5 22. Bc4 Be6 23. Nxd6 Kh8 24. Rb7 Bg8 25. h3 Nxe3 26. Bxg8 Kxg8 27. fxe3 Bg5
28. e4 Rd8 29. Nc4 Rd4 30. Nxe5 g6 31. Rb8+ Kg7 32. Rb7+ Kg8 33. Rb8+ Kg7 {Game
drawn by mutual agreement} 1/2-1/2

[Event "Team 45 45 League T26"]
[Site "Internet Chess Club"]
[Date "2005.04.08"]
[Round "4"]
[White "Smithers"]
[Black "VentasD"]
[Result "1/2-1/2"]
[WhiteElo "2209"]
[BlackElo "2115"]
[TimeControl "2700+45"]

1. c4 Nf6 2. d4 e6 3. a3 c5 4. e3 cxd4 5. exd4 d5 6. Nc3 Nc6 7. Nf3 Bd6 8. Bg5
dxc4 9. Bxc4 O-O 10. O-O Be7 11. Rc1 a6 12. Bd3 h6 13. Bf4 Nd5 14. Nxd5 Qxd5 15.
Re1 Rd8 16. Be4 Qb5 17. Qd2 Bf6 18. Bxc6 bxc6 19. Qc3 Bb7 20. Be5 Be7 21. b4 Rd5
22. Rb1 Rc8 23. Nd2 Ba8 24. Nb3 Bd8 25. Nc5 a5 26. a4 Qb6 27. Rec1 Qa7 28. Bf4
axb4 29. Qxb4 Ba5 30. Qc4 Rcd8 31. Be3 Bb6 32. g3 Bxc5 33. dxc5 Bb7 34. Qb4 Ba6
35. Qb6 Qa8 36. Qa5 Bd3 37. Qxa8 Rxa8 38. Rb6 Rc8 39. Ra1 Rd7 40. a5 Ra7 41. Bf4
Bb5 42. Bb8 Ra8 43. Bd6 Ra7 44. Bb8 {Game drawn by mutual agreement} 1/2-1/2

[Event "Team 45 45 League T26"]
[Site "Internet Chess Club"]
[Date "2005.04.09"]
[Round "4"]
[White "WesleyCrusher"]
[Black "kostasgr"]
[Result "1-0"]
[WhiteElo "2121"]
[BlackElo "2041"]
[TimeControl "2700+45"]

1. e4 d5 2. exd5 Qxd5 3. Nc3 Qa5 4. d4 Nf6 5. Bc4 c6 6. Nf3 Bf5 7. O-O Nbd7 8.
h3 h6 9. Bf4 e6 10. Qe2 Bb4 11. Nd1 O-O 12. c3 Be7 13. Ne3 Bh7 14. Bb3 Rad8 15.
Nc4 Qh5 16. Rfe1 g5 17. Bg3 Kh8 18. Nfe5 Qxe2 19. Rxe2 c5 20. Na5 Nxe5 21. dxe5
Ne4 22. Nxb7 Nxg3 23. fxg3 Rd7 24. Na5 Rfd8 25. Nc6 Rc8 26. Nxe7 Rxe7 27. Rd1 c4
28. Bc2 Rc5 29. Bxh7 Kxh7 30. Rd4 Rb7 31. g4 Kg6 32. Kf2 Rcb5 33. Rxc4 Rxb2 34.
Re4 Rxe2+ 35. Rxe2 Rc7 36. Re3 Rc4 37. Ke1 Kg7 38. Kd1 Ra4 39. Re2 Ra3 40. c4
Rc3 41. Rc2 Re3 42. Kd2 Rxe5 43. Kc3 Rc5 44. Kd4 Rc6 45. c5 Kf6 46. Kc4 a6 47.
Rb2 Ke5 48. a4 f5 49. gxf5 exf5 50. Re2+ Kf4 51. Kd5 Rc8 52. c6 Kg3 53. Kd6 h5
54. Kd7 Rf8 55. c7 f4 56. c8=Q Rxc8 57. Kxc8 f3 58. gxf3 Kxh3 59. Re5 {Black
resigns} 1-0  BosqueVerde(36):  And the Inverted Zamboni yields a draw!!     LOL

[Event "Team 45 45 League T26"]
[Site "Internet Chess Club"]
[Date "2005.04.12"]
[Round "4"]
[White "Rainbird"]
[Black "Chess2Play"]
[Result "0-1"]
[WhiteElo "1636"]
[BlackElo "1728"]
[TimeControl "2700+45"]

1. Nf3 d5 2. c4 c6 3. g3 Bg4 4. Bg2 Nf6 5. cxd5 cxd5 6. Qb3 Qc7 7. Nc3 e6 8. O-O
Nc6 9. d3 Be7 10. Bf4 Qd7 11. Rac1 Bxf3 12. Bxf3 Nd4 13. Qa4 Nxf3+ 14. exf3 O-O
15. Qxd7 Nxd7 16. Nb5 Bc5 17. d4 Bb6 18. Bc7 a6 19. Bxb6 axb5 20. Bc5 Rfc8 21.
Bd6 Rc4 22. Rxc4 bxc4 23. a3 Ra6 24. Bb4 Nb8 25. f4 Nc6 26. Bc3 f5 27. h3 Na7
28. Bb4 Nb5 29. Rd1 Kf7 30. f3 g6 31. Kf2 Na7 32. Ke3 Nc6 33. Bc3 Ra4 34. h4 b5
35. h5 b4 36. hxg6+ hxg6 37. axb4 Nxb4 38. Bxb4 Rxb4 39. Rd2 Rb3+ 40. Kf2 Kf6
41. g4 fxg4 42. fxg4 g5 43. fxg5+ Kxg5 44. Re2 Kxg4 45. Rxe6 Rxb2+ 46. Ke3 Rb3+
47. Ke2 Kf4 48. Re5 Rb2+ 49. Kd1 Rb5 50. Kd2 Kf3 51. Kd1 Rb2 52. Rxd5 Ke3 53.
Rd8 Kd3 54. Kc1 c3 55. d5 Rg2 56. Kb1 Rg1+ 57. Ka2 Kd2 58. d6 c2 59. Rc8 c1=Q
60. Rxc1 Kxc1 {White resigns} 0-1